 Dungeon Crawl Stone Soup version 0.24.0-41-g2ae2f7f1be (webtiles) character file.

Game seed: 6866593656166815657, levelgen mode: deterministic

140 Delamore the Chopper (level 5, -1/45 HPs)
             Began as a Hill Orc Fighter on Dec 13, 2019.
             Killed by divine providence
             ... invoked by an orc priest
              (12 damage)
             ... on level 3 of the Dungeon.
             The game lasted 00:01:58 (1828 turns).

Delamore the Chopper (Hill Orc Fighter)             Turns: 1828, Time: 00:01:59

Health: -1/45      AC:  8    Str: 20    XL:     5   Next: 23%
Magic:  5/5        EV:  7    Int:  8    God:
Gold:   147        SH:  9    Dex: 10    Spells: 4/4 levels left

rFire    . . .     SeeInvis .   a - +0 war axe
rCold    . . .     Gourm    .   c - +0 shield
rNeg     . . .     Faith    .   b - +0 scale mail
rPois    .         Spirit   .   (no helmet)
rElec    .         Reflect  .   (no cloak)
rCorr    .         Harm     .   e - +0 pair of gloves
MR       .....                  (no boots)
Stlth    ..........             (no amulet)
HPRegen  0.15/turn              (no ring)
MPRegen  0.09/turn              (no ring)

@: no status effects
A: no striking features
a: Convert to Beogh


You were on level 3 of the Dungeon.
You were not hungry.

You visited 1 branch of the dungeon, and saw 3 of its levels.

You collected 147 gold pieces.

Inventory:

Hand Weapons
 a - a +0 war axe (weapon)
Missiles
 r - 6 poisoned darts (quivered)
Armour
 b - a +0 scale mail (worn)
 c - a +0 shield (worn)
 e - a +0 pair of gloves (worn)
Scrolls
 i - a scroll of amnesia {unknown}
 j - 3 scrolls of identify {unknown}
 l - a scroll of enchant armour {unknown}
 m - a scroll of enchant weapon {unknown}
 p - a scroll of fog {unknown}
Potions
 d - 2 potions of might
 g - a potion of lignification {unknown}
 h - a potion of resistance {unknown}
 k - a potion of heal wounds
 n - a potion of degeneration {unknown}
 q - a potion of invisibility {unknown}
 s - a potion of brilliance {unknown}
Comestibles
 f - 9 rations
 o - 8 chunks of flesh


   Skills:
 - Level 3.6 Fighting
 + Level 7.0 Axes
 - Level 3.2 Armour
 - Level 3.2 Shields


You had 4 spell levels left.
You didn't know any spells.
Your spell library was empty.

Dungeon Overview and Level Annotations

Branches:
Dungeon (3/15)

Altars:
Elyvilon
Nemelex Xobeh
Ru
Sif Muna


Message History

You hit the hobgoblin.
The hobgoblin is heavily wounded.
The hobgoblin barely misses you.
The orc priest mumbles some strange prayers to Beogh against you.
Beogh smites you!
* * * LOW HITPOINT WARNING * * *
It was a potion of heal wounds.
You feel much better. The hobgoblin barely misses you.
Okay, then.
You barely miss the hobgoblin.
The hobgoblin is heavily wounded.
The hobgoblin hits you but does no damage.
The orc priest mumbles some strange prayers to Beogh against you.
Beogh smites you!
* * * LOW HITPOINT WARNING * * *
You slash the hobgoblin!
You kill the hobgoblin!
The orc priest mumbles some strange prayers to Beogh against you.
Beogh smites you!
You die...

#..... ._ #.... o..
#... w. .####
#..#.#.#. .....
#w)...... .. .....
#o# .... #... #o#
.(. #...
#!#######'######...
#.@......>.........
#####........###...
#........# #...
#........# ####
#........# #
#........#
###........#
#....รท.....#
#..........#


You could see a worm, an orc priest and an orc.

Vanquished Creatures
  A crimson imp (D:3)
  5 adders
  A worm (D:3)
  2 leopard geckos
  2 orcs (D:3)
  6 giant cockroaches
  11 hobgoblins
  2 quokkas
  7 bats
  3 frilled lizards
  5 goblins
  4 kobolds
  2 rats
51 creatures vanquished.

Notes
Turn   | Place    | Note
-------+----------+-------------------------------------------
     0 | D:1      | Delamore the Hill Orc Fighter began the quest for the Orb.
     0 | D:1      | Reached XP level 1. HP: 19/19 MP: 1/1
    39 | D:1      | Reached skill level 3 in Axes
   285 | D:1      | Reached XP level 2. HP: 24/26 MP: 2/2
   396 | D:1      | Reached skill level 4 in Axes
   808 | D:2      | Found a shimmering blue altar of Sif Muna.
   813 | D:2      | Found a sacrificial altar of Ru.
   839 | D:2      | Reached XP level 3. HP: 31/31 MP: 3/3
   964 | D:2      | Found a sparkling altar of Nemelex Xobeh.
   993 | D:2      | Reached skill level 5 in Axes
  1553 | D:3      | Reached skill level 6 in Axes
  1553 | D:3      | Reached XP level 4. HP: 39/39 MP: 4/4
  1723 | D:3      | Reached XP level 5. HP: 41/45 MP: 5/5
  1803 | D:3      | Found a white marble altar of Elyvilon.
  1817 | D:3      | Reached skill level 7 in Axes
  1825 | D:3      | HP: 2/45 [orc priest/divine providence (12)]
  1828 | D:3      | Killed from afar by an orc priest

Levels and vault maps discovered:
D:1:      wander_arrival_chamber, layout_loops_corners
D:2:      layout_loops_ring, nemelex_xobeh_ov_fountains_minmay,
          chequers_temple_overflow_statue_of_worship
D:3:      layout_basic, first_ration, elyvilon_altar_5

Skill      XL: |  1  2  3  4  5 |
---------------+----------------+-----
Axes           | 3 4 6 7 |  7.0
Fighting       | |  3.6
Armour         | |  3.2
Shields        | |  3.2

Action                   |  1- 3 |  4- 6 || total
-------------------------+-------+-------++-------
Melee: War axe           |   119 |    65 ||   184
  Use: Potion            |       |     1 ||     1
  Eat: Chunk             |     2 |     1 ||     3
Armor: Scale mail        |    67 |    38 ||   105
Dodge: Dodged            |    36 |    25 ||    61
Block: Shield            |    74 |    36 ||   110
